 Dungeon Crawl Stone Soup version 0.30.0-29-ga12c61a403 (webtiles) character file.

Game seed: 14992452604555932041

29768 MacCMillion the Summoner (level 13, -5/82 HPs)
             Began as a Tengu Summoner on June 9, 2023.
             Was an Elder of Sif Muna.
             Slain by a cane toad (16 damage)
             ... on level 5 of the Lair of Beasts.
             The game lasted 00:44:07 (20138 turns).

MacCMillion the Summoner (Tengu Summoner)          Turns: 20138, Time: 00:44:07

Health: -5/82      AC:  9    Str: 11    XL:     13   Next: 47%
Magic:  23/26      EV: 23    Int: 19    God:    Sif Muna [****..]
Gold:   939        SH:  0    Dex: 14    Spells: 19/29 levels left

rFire   . . .        o - +0 spear (venom)
rCold   . . .        (no shield)
rNeg    . . .        Q - +2 ring mail {rPois}
rPois   +            (helmet restricted)
rElec   .            y - +1 cloak
rCorr   +            (no gloves)
SInv    .            (boots unavailable)
Will    .....        (no amulet)
Stlth   +            D - +5 ring of evasion
HPRegen 0.33/turn    l - ring of resist corrosion
MPRegen 0.20/turn

%: no passive effects
@: flying quickly and evasively, quick
A: beak, talons 3, nimble flight
a: Renounce Religion, Channel Magic, Forget Spell, Divine Exegesis


You were on level 5 of the Lair of Beasts.
You worshipped Sif Muna.
Sif Muna was greatly pleased with you.
You visited 3 branches of the dungeon, and saw 18 of its levels.
You also visited: Gauntlet and Ice Cave.

You collected 939 gold pieces.

Inventory:

Hand Weapons
 c - a +0 dagger
 o - a +0 spear of venom (weapon)
Missiles
 Y - a throwing net
Armour
 a - a +0 robe
 e - a +0 cloak
 j - a +2 leather armour of fire resistance
 y - a +1 cloak (worn)
 H - +0 steam dragon scales
 Q - a +2 ring mail of poison resistance (worn)
 W - an orb of guile
Magical Staves
 T - a staff of cold
Jewellery
 l - a ring of resist corrosion (right hand)
 s - a ring of positive energy
 D - a +5 ring of evasion (left hand)
Wands
 I - a wand of roots (22)
 L - a wand of quicksilver (15)
 N - a wand of flame (9)
 R - a wand of paralysis (3)
 X - a wand of polymorph (3)
Scrolls
 d - 2 scrolls of vulnerability
 k - 3 scrolls of teleportation
 p - 4 scrolls of noise
 r - 2 scrolls of fear {unknown}
 t - 3 scrolls of poison {unknown}
 u - 2 scrolls of brand weapon {unknown}
 x - 2 scrolls of immolation {unknown}
 z - 2 scrolls of enchant weapon {unknown}
 B - 2 scrolls of silence {unknown}
 C - 2 scrolls of magic mapping
 F - a scroll of summoning
 G - 2 scrolls of enchant armour {unknown}
 O - 2 scrolls of fog {unknown}
 P - 2 scrolls of blinking
 U - a scroll of amnesia
 V - 4 scrolls of identify
Potions
 b - 3 potions of magic
 f - 5 potions of curing
 g - 3 potions of ambrosia
 h - 3 potions of heal wounds
 i - 3 potions of lignification {unknown}
 m - 4 potions of degeneration
 n - a potion of cancellation {unknown}
 q - 5 potions of flight
 v - a potion of experience {unknown}
 w - a potion of berserk rage {unknown}
 A - 2 potions of haste {unknown}
 E - 2 potions of mutation {unknown}
 J - a potion of invisibility {unknown}
 K - a potion of brilliance {unknown}
 M - 2 potions of attraction {unknown}
 S - a potion of might
 Z - a potion of resistance {unknown}


   Skills:
 - Level 10.0 Fighting
 + Level 12.4 Dodging
 - Level 2.0 Stealth
 + Level 8.7 Spellcasting
 - Level 13.0 Summonings
 - Level 8.3 Air Magic
 + Level 7.6 Invocations


You had 19 spell levels left.
You knew the following spells:

 Your Spells              Type           Power      Damage    Failure   Level
a - Summon Small Mammal   Summ           100%       N/A       1%          1
b - Call Imp              Summ           100%       N/A       1%          2
c - Call Canine Familiar  Summ           55%        N/A       1%          3
d - Summon Lightning Spi  Summ/Air       48%        N/A       2%          4

Your spell library contained the following spells:

 Spells                   Type           Power      Damage    Failure   Level
 Summon Guardian Golem    Hex/Summ       32%        N/A       4%          3
 Animate Armour           Summ/Erth      64%        N/A       14%         4
 Blink                    Tloc           16%        N/A       30%         2
 Lesser Beckoning         Tloc           16%        N/A       30%         2
 Momentum Strike          Conj/Tloc      16%        3d8       30%         2
 Dazzling Flash           Conj/Hex       16%        N/A       52%         3
 Gell's Gravitas          Tloc           8%         N/A       52%         3
 Portal Projectile        Hex/Tloc       16%        N/A       52%         3
 Stone Arrow              Conj/Erth      16%        3d8       52%         3
 Teleport Other           Tloc           8%         N/A       52%         3
 Volatile Blastmotes      Fire/Tloc      16%        2d11      52%         3
 Iskenderun's Mystic Bla  Conj/Tloc      8%         2d4       90%         4
 Leda's Liquefaction      Hex/Erth       4%         N/A       90%         4
 Conjure Ball Lightning   Conj/Air       12%        3x3d6     99%         6
 Dispersal                Tloc           4%         N/A       100%        6
 Starburst                Conj/Fire      4%         6d3       100%        6
 Discord                  Hex            4%         N/A       100%        8
 Disjunction              Tloc           4%         N/A       100%        8
 Lehudib's Crystal Spear  Conj/Erth      4%         10d3      100%        8


Dungeon Overview and Level Annotations

Branches:
Dungeon (12/15)            Temple (1/1) D:6            Lair (5/5) D:11
 Shoals (0/4) Lair:3        Snake (0/4) Lair:2        Slime (0/5) Lair:5
    Orc (0/2) D:9           IceCv (visited)         Gauntlet (visited)

Altars:
Ashenzari
Cheibriados
Dithmenos
Elyvilon
Fedhas
Gozag
Hepliaklqana
Kikubaaqudgha
Makhleb
Nemelex Xobeh
Okawaru
Qazlal
Ru
Sif Muna
Trog
Uskayaw
Vehumet
Wu Jian
Xom
Yredelemnul
Zin
The Shining One
Jiyva

Shops:
D:1 *   D:7 (

Annotations:
D:3 exclusion: Ijyb
D:4 2 transporters, Shavain's ghost, amateur HOFi
D:6 2 transporters, Dowan; Duvessa; Quickbrownfox's ghost, novice OpIE
D:8 3 runed translucent doors, exclusion: cyclops, FaviusArthum's ghost, novice HuCj
D:12 Fannar
Lair:2 1 exclusion
Lair:5 exclusion: 3 oklob plants


Innate Abilities, Weirdness & Mutations

You have a beak for a mouth.
You have claws for feet.
Your magical nature lets you fly swiftly and evasively.


Message History

The blink frog closely misses you. The polar bear bites you!
* * * LOW HITPOINT WARNING * * *
The polar bear misses you. The polar bear claws you.
The boulder beetle closely misses your wolf.
The blink frog hits you.
* * * LOW HITPOINT WARNING * * *
The water moccasin barely misses you.
The blink frog blinks!
The blink frog hits you!
* * * LOW HITPOINT WARNING * * *
Your limbs are stiffening.
Unknown command. 3 death yaks and a komodo dragon come into view.
The death yak bellows! x2; The komodo dragon hisses angrily.
You hear a bellow!
The blink frog hits you. The basilisk gazes at you.
Your limbs have turned to stone.
A death yak comes into view.
The blink frog blinks!
The boulder beetle curls into a ball and begins rolling!
The blink frog barely misses you. The water moccasin bites you.
* * * LOW HITPOINT WARNING * * *
You have turned to stone.
Your surroundings suddenly seem different.
A cane toad comes into view.
Found 11 gold pieces.
Found a stone staircase leading up.
The cane toad gives a loud, deep croak!
The cane toad stings you!
* * * LOW HITPOINT WARNING * * *
The cane toad stings you.
* * * LOW HITPOINT WARNING * * *
You turn to flesh and can move again.
Unknown command.
You feel much better. The cane toad stings you!!
* * * LOW HITPOINT WARNING * * *
The cane toad closely misses you.
Casting: Summon Lightning Spire (dangerous; 2% risk of failure)
Confirm with . or Enter, or press ? or * to list all spells.
The cane toad misses you. The cane toad stings you!
You die...

*,************,***,*,**,,,,,,**,,
*****,,*♣.♣♣♣**.♣♣*♣♣...,,,,,,*,,
**,*,,,,.....♣♣♣.♣♣.....,,,,,*,,,
,,,,,,,,................,,,,,**,,
,,,,,,,,............$...,,,,,,*,,
,,,,,,,,..........<.....,,,,,,,,,
*,,,,,,,........hP......,,,,,,,,,
,,,,,,,,.......F........,,,,,,,,,
,,,,,,,,........@#,,,,<,,,,,,,,,,
,,,,,,,,P.....####***,,,,,,,,,,*,
,,,,,,,*###.#,,* ****,,,,,,,,,
,*,,,,,,*#.***** *,,,,,,,,,,,
,,,,,,,***** *,,,,,,,,,,,
,*,,,,,* **,*,,****** *,*,,,****
**,,** *,,,,,*,,** ****
**,,,,,,,,*


You could see a cane toad (ally target) and a friendly warg (summoned).

Vanquished Creatures
  3 cane toads
  Psyche (D:8)
  A rime drake (Lair:1)
  A merfolk (Lair:3)
  A shadow (D:10)
  13 yaks
  2 death yak simulacra (IceCv)
  A water moccasin (D:8)
  An ice beast (D:5)
  An orc warrior (D:7)
  An ogre (D:5)
  2 wolves (Lair:2)
  2 kobold brigands
  A gnoll sergeant (D:5)
  2 bullfrogs
  A scorpion (D:5)
  2 orc priests
  A hound (D:6)
  Crazy Yiuf (D:4)
  3 iguanas
  Ijyb (D:3)
  2 orc wizards
  2 gnolls (D:6)
  A shadow imp (D:6)
  6 orcs
  A ball python (D:3)
  A bat (D:1)
  2 goblins (D:1)
  A hobgoblin (D:4)
  A frilled lizard (D:3)
  A kobold (D:8)
  A rat (D:1)
61 creatures vanquished.

Vanquished Creatures (collateral kills)
  Josephine (D:10)
  A hydra (D:10)
  4 death yaks (Lair:3)
  Nergalle (Lair:3)
  Amaemon (Lair:2)
  5 skeletal warriors (D:11)
  A lindwurm (Lair:3)
  Pikel (D:5)
  An ugly thing (IceCv)
  An elephant (D:11)
  A merfolk siren (Lair:3)
  A black mamba (Lair:3)
  2 gargoyles
  An orange demon (Lair:2)
  Maggie (D:9)
  7 cane toads
  A komodo dragon (Lair:2)
  A polar bear (Lair:3)
  Prince Ribbit (D:7)
  5 dream sheep (Lair:3)
  Sigmund (D:2)
  A dire elephant simulacrum (IceCv)
  A shadow (D:10)
  2 wyverns
  5 wraiths (D:10)
  24 yaks
  3 basilisks
  3 vampire mosquitoes (D:11)
  2 acid dragons
  8 water moccasins
  2 orc warriors
  An ice beast (D:8)
  A black bear (D:11)
  10 wolves
  A centaur (D:7)
  3 kobold brigands
  A gnoll sergeant (D:10)
  6 bullfrogs
  2 scorpions
  2 cane toad simulacra (IceCv)
  5 wights (D:10)
  4 howler monkeys
  7 orc priests
  2 jellies
  A sleepcap (D:6)
  2 iguanas
  10 orc wizards
  5 hell rats (Lair:2)
  A polar bear simulacrum (IceCv)
  2 wolf simulacra (IceCv)
  Robin (D:2)
  2 gnolls (D:6)
  5 adders
  A shadow imp (D:5)
  2 ufetubi
  A worm (D:3)
  25 orcs
  5 ball pythons
  5 endoplasms
  A giant cockroach (D:2)
  6 hobgoblins
  4 bats
  3 frilled lizards
  12 goblins
  30 kobolds
  A rat (D:1)
260 creatures vanquished.

Grand Total: 321 creatures vanquished

Notes
Turn   | Place    | Note
-------+----------+-------------------------------------------
     0 | D:1      | MacCMillion the Tengu Summoner began the quest for the Orb.
     0 | D:1      | Reached XP level 1. HP: 10/10 MP: 4/4
   192 | D:1      | Reached skill level 5 in Summonings
   239 | D:1      | Reached XP level 2. HP: 15/15 MP: 3/6
   246 | D:1      | Learned a level 2 spell: Call Imp
   379 | D:1      | Found Ewoizxus's Assorted Antiques.
   773 | D:2      | Reached XP level 3. HP: 13/19 MP: 4/7
   815 | D:2      | Learned a level 3 spell: Call Canine Familiar
   986 | D:2      | Noticed Sigmund
  1481 | D:2      | Noticed Robin
  1502 | D:2      | Killed Robin
  1538 | D:2      | Reached XP level 4. HP: 24/24 MP: 1/9
  1864 | D:3      | Reached skill level 6 in Summonings
  2197 | D:3      | Noticed Ijyb
  2668 | D:3      | Gained mutation: Your magical nature lets you fly swiftly
                  | and evasively. [Tengu growth]
  2668 | D:3      | Reached XP level 5. HP: 26/28 MP: 1/10
  2961 | D:4      | Noticed a kobold brigand
  3004 | D:4      | Reached skill level 7 in Summonings
  3004 | D:4      | Reached skill level 1 in Fighting
  3014 | D:4      | Killed a kobold brigand
  3015 | D:4      | Reached XP level 6. HP: 23/35 MP: 1/11
  3323 | D:4      | Found a transporter.
  3413 | D:4      | Noticed Shavain's ghost (amateur HOFi)
  3468 | D:4      | Found a runed translucent door.
  3469 | D:4      | Noticed Crazy Yiuf
  3621 | D:4      | Found a transporter.
  3713 | D:5      | Entered Level 5 of the Dungeon
  3933 | D:5      | Reached XP level 7. HP: 41/41 MP: 6/12
  4097 | D:5      | Found a radiant altar of Vehumet.
  4216 | D:5      | Reached skill level 5 in Dodging
  4899 | D:5      | Reached XP level 8. HP: 48/48 MP: 9/13
  4987 | D:5      | Reached skill level 5 in Fighting
  5705 | D:2      | Killed Sigmund
  6041 | D:3      | Killed Ijyb
  6213 | D:4      | Killed Crazy Yiuf
  6353 | D:6      | Noticed Pikel
  6393 | D:5      | Killed Pikel
  6620 | D:6      | Reached skill level 8 in Summonings
  6648 | D:6      | Reached XP level 9. HP: 49/54 MP: 8/14
  6896 | D:6      | Noticed Dowan
  6902 | D:6      | Found a transporter.
  6921 | D:6      | Found a snail-covered altar of Cheibriados.
  6931 | D:6      | Noticed Duvessa
  7100 | D:6      | Found a staircase to the Ecumenical Temple.
  7230 | Temple   | Entered the Ecumenical Temple
  7355 | Temple   | Became a worshipper of Sif Muna the Loreminder
  7542 | D:6      | Found a transporter.
  7547 | D:6      | Noticed Quickbrownfox's ghost (novice OpIE)
  7586 | D:6      | Reached skill level 5 in Air Magic
  7981 | D:7      | Reached skill level 9 in Summonings
  8181 | D:7      | Reached skill level 10 in Summonings
  8359 | D:7      | Reached XP level 10. HP: 23/59 MP: 14/16
  8361 | D:7      | Learned a level 4 spell: Summon Lightning Spire
  8385 | D:7      | Reached * piety under Sif Muna
  8493 | D:7      | Found Xuxaithre's Weapon Boutique.
  8586 | D:7      | Noticed Prince Ribbit
  8603 | D:7      | Killed Prince Ribbit
  8660 | D:8      | Noticed a cyclops
  9055 | D:8      | Noticed FaviusArthum's ghost (novice HuCj)
  9063 | D:8      | Found a runed translucent gate.
  9063 | D:8      | Found a runed translucent gate.
  9065 | D:8      | Found a runed translucent gate.
  9217 | D:8      | Reached skill level 1 in Invocations
  9263 | D:8      | Noticed Psyche
  9545 | D:8      | Killed Psyche
  9828 | D:9      | Found a staircase to the Orcish Mines.
  9980 | D:9      | Reached ** piety under Sif Muna
 10097 | D:9      | Reached skill level 11 in Summonings
 10322 | D:9      | Noticed Maggie
 10338 | D:9      | Killed Maggie
 10598 | D:9      | Reached skill level 5 in Spellcasting
 10860 | D:10     | Entered Level 10 of the Dungeon
 10874 | D:10     | Reached XP level 11. HP: 66/66 MP: 13/19
 11044 | D:10     | Found a sparkling altar of Nemelex Xobeh.
 11048 | D:10     | Found a stormy altar of Qazlal.
 11052 | D:10     | Found a hazy altar of Hepliaklqana.
 11469 | D:10     | Found a basalt altar of Yredelemnul.
 11471 | D:10     | Found a glowing golden altar of the Shining One.
 11472 | D:10     | Found a burning altar of Makhleb.
 11579 | D:10     | Identified the staff of earth "Amuloalu" {rElec Dex+3}
 11709 | D:10     | Noticed Josephine
 11724 | D:10     | Killed Josephine
 12033 | D:10     | Noticed a four-headed hydra
 12033 | D:10     | Found the +7 Throatcutter {drain, coup de grace}
 12306 | D:10     | Killed a four-headed hydra
 12307 | D:10     | Reached skill level 10 in Dodging
 12692 | D:11     | Noticed a skeletal warrior
 12694 | D:11     | Noticed a skeletal warrior
 12728 | D:11     | Killed a skeletal warrior
 12975 | D:11     | Reached skill level 12 in Summonings
 12996 | D:11     | Found a staircase to the Lair.
 13007 | D:11     | Found a gate leading to a gauntlet.
 13011 | Gauntlet | Entered a Gauntlet
 13011 | Gauntlet | Found a transporter.
 13011 | Gauntlet | Found a transporter.
 13019 | Gauntlet | Noticed a catoblepas
 13029 | Gauntlet | Found a transporter.
 13029 | Gauntlet | Found a transporter.
 13033 | Gauntlet | Noticed a thrashing horror
 13039 | Gauntlet | Found a transporter.
 13053 | Gauntlet | Noticed a large abomination
 13058 | Gauntlet | Found a transporter.
 13058 | Gauntlet | Noticed a large abomination
 13058 | Gauntlet | Noticed a thrashing horror
 13068 | Gauntlet | Found a transporter.
 13068 | Gauntlet | Found a transporter.
 13072 | Gauntlet | Found a transporter.
 13080 | Gauntlet | Noticed a quicksilver ooze
 13099 | Gauntlet | Found a transporter.
 13108 | Gauntlet | Found a transporter.
 13130 | Gauntlet | Found a transporter.
 13163 | Gauntlet | Found a transporter.
 13177 | Gauntlet | Found a transporter.
 13277 | Gauntlet | Found a transporter.
 13290 | Gauntlet | Noticed an obsidian statue
 13291 | Gauntlet | Found a transporter.
 13392 | D:11     | Reached *** piety under Sif Muna
 13660 | D:11     | Noticed a skeletal warrior
 13660 | D:11     | Noticed a skeletal warrior
 13691 | D:11     | Killed a skeletal warrior
 13757 | D:11     | Noticed a skeletal warrior
 13775 | D:11     | Killed a skeletal warrior
 13817 | D:11     | Killed a skeletal warrior
 13818 | D:11     | Reached skill level 5 in Invocations
 13818 | D:11     | Reached XP level 12. HP: 73/73 MP: 8/22
 14652 | D:12     | Noticed Fannar
 14666 | Lair:1   | Entered Level 1 of the Lair of Beasts
 16262 | Lair:2   | Found a frozen archway.
 16297 | IceCv    | Entered an ice cave
 17054 | Lair:2   | Found a staircase to the Snake Pit.
 17255 | Lair:2   | Noticed Amaemon
 17269 | Lair:2   | Killed Amaemon
 17270 | Lair:2   | Reached skill level 13 in Summonings
 18033 | Lair:2   | Reached **** piety under Sif Muna
 18402 | Lair:3   | Reached XP level 13. HP: 51/80 MP: 9/25
 18566 | Lair:3   | Noticed Nergalle
 18708 | Lair:3   | Killed Nergalle
 18995 | Lair:3   | Found a staircase to the Shoals.
 19362 | Lair:3   | Reached skill level 10 in Fighting
 19893 | Lair:4   | You are sucked into a shaft and drop 1 floor!
 19893 | Lair:5   | Entered Level 5 of the Lair of Beasts
 19903 | Lair:5   | Found a staircase to the Slime Pits.
 19903 | Lair:5   | Found a viscous altar of Jiyva.
 20112 | Lair:5   | HP: 2/82 [boulder beetle (6)]
 20138 | Lair:5   | Slain by a cane toad

Illustrated notes

Levels and vault maps discovered:
D:1:      mrwooster_arrival_statue_2, layout_basic, serial_shops,
          nicolae_shop_just_a_little_nook, minmay_tripent
D:2:      layout_basic, uniq_robin, uniq_sigmund
D:3:      layout_loops_corners, uniq_ijyb
D:4:      layout_basic, gammafunk_ghost_mausoleum, uniq_crazy_yiuf_cottage
D:5:      minmay_general_purpose_star, layout_basic, fiery_altar_vehumet
D:6:      layout_cave_pools, mainiacjoe_overflow_paths,
          minmay_temple_entry_slanted, gammafunk_ghost_gnarly_gnolls,
          st_stairs_7, uniq_pikel, uniq_duvessa
D:7:      layout_rooms, serial_shops, nicolae_shop_bloodbath_and_beyond,
          uniq_prince_ribbit1
D:8:      layout_basic, gammafunk_ghost_split, uniq_psyche
D:9:      layout_roguey, orc_0_dummy, uniq_maggie
D:10:     layout_long_grid, chequers_temple_overflow_statue_of_worship,
          grunt_temple_overflow_diamond, wad_dig_loot, uniq_josephine
D:11:     layout_basic, david_lair_generic, gauntlet_entry_generic
D:12:     layout_rooms, special_room [special_room_orc], minivault_4,
          uniq_azrael, uniq_jorgrun, uniq_fannar
Temple:   nicolae_temple_two_arcs
Lair:1:   layout_regular_city
Lair:2:   layout_hall_layers, dummy_snake_entry,
          portal_ice_cave_entry_pillars_1, uniq_amaemon
Lair:3:   layout_chaotic_city, elwin_shoals_entry_rooms, uniq_nergalle
Lair:4:   layout_long_grid, lightli_volcano_entry_magma_tube,
          gammafunk_ghost_grave, grunt_megastairs_5, serial_bayou_shore_a,
          uniq_sonja
Lair:5:   wormcave, layout_gridlike, minmay_slime_entry_oklob_open,
          wad_woods_river_01

Skill      XL: |  1  2  3  4  5  6  7  8  9 10 11 12 13 |
---------------+----------------------------------------+-----
Summonings     | 5 6 7 8 10 11 12 13 | 13.0
Spellcasting   | 3 5 6 7 8 |  8.7
Fighting       | 2 3 4 5 6 8 9 10 | 10.0
Dodging        | 3 4 6 8 9 10 11 12 | 12.4
Air Magic      | 4 8 |  8.3
Invocations    | 2 5 6 7 |  7.6
Stealth        | |  2.0

Action                     |  1- 3 |  4- 6 |  7- 9 | 10-12 | 13-15 || total
---------------------------+-------+-------+-------+-------+-------++-------
  Melee: Dagger            |    16 |       |       |       |       ||    16
         Peck              |     5 |       |    17 |    21 |     7 ||    50
         Kick              |     4 |       |    25 |    38 |    15 ||    82
         Spear             |       |    20 |   143 |   187 |    75 ||   425
         Punch             |       |       |     2 |     2 |       ||     4
   Cast: Summon Small Mamm |    36 |     5 |       |       |       ||    41
         Call Canine Famil |     3 |    20 |    36 |    63 |    17 ||   139
         Call Imp          |     1 |    10 |    23 |     6 |       ||    40
         Summon Lightning  |       |       |       |    87 |    21 ||   108
  Evoke: Wand              |       |       |       |     1 |       ||     1
    Use: Scroll            |       |       |       |    10 |     4 ||    14
         Potion            |       |       |       |       |     4 ||     4
   Stab: Sleeping          |     2 |       |       |     2 |       ||     4
         Distracted        |       |     1 |     5 |     5 |     3 ||    14
         Betrayed ally     |       |       |       |     1 |       ||     1
 Armour: Robe              |     7 |       |       |       |       ||     7
         Leather armour    |     2 |     2 |    12 |     6 |       ||    22
         Steam dragon scal |       |       |       |     4 |       ||     4
         Ring mail         |       |       |       |    15 |    23 ||    38
  Dodge: Dodged            |    19 |     5 |    88 |   182 |   132 ||   426
